 Dungeon Crawl Stone Soup version 0.19.4 (webtiles) character file.

96 Naow the Conjurer (level 4, -2/24 HPs)
             Began as a Deep Elf Conjurer on Feb 2, 2017.
             Slain by Grinder (4 damage)
             ... while paralysed by Grinder
             ... on level 3 of the Dungeon.
             The game lasted 00:02:43 (2503 turns).

Naow the Conjurer (Deep Elf Conjurer)               Turns: 2503, Time: 00:02:44

Health: -2/24      AC:  3    Str:  5    XL:     4   Next: 41%
Magic:  3/12       EV:  2    Int: 21    God:
Gold:   132        SH:  0    Dex: 15    Spells: 2 memorised, 8 levels left

rFire  . . .     SeeInvis .     s - +4 dagger
rCold  . . .     Gourm    .     a - +0 robe
rNeg   . . .     Faith    .     (no shield)
rPois  .         Spirit   .     (no helmet)
rElec  .         Reflect  .     (no cloak)
rCorr  .         Harm     .     d - +0 pair of gloves
MR     .....                    (no boots)
Stlth  ++........               (no amulet)
                                (no ring)
                                (no ring)

@: paralysed
A: no striking features
a: no special abilities


You were on level 3 of the Dungeon.
You were not hungry.

You visited 1 branch of the dungeon, and saw 3 of its levels.

You collected 132 gold pieces.

Inventory:

Hand Weapons
 m - a +0 dagger
 s - a +4 dagger (weapon)
Armour
 a - a +0 robe (worn)
 d - a +0 pair of gloves (worn)
Wands
 r - a wand of acid (9/15)
Scrolls
 e - a scroll of noise {unknown}
 f - a scroll of amnesia {unknown}
 j - 2 scrolls of remove curse {unknown}
 p - a scroll of enchant armour {unknown}
 q - 2 scrolls of identify {unknown}
 t - a scroll of recharging {unknown}
Potions
 g - a potion of heal wounds {unknown}
 h - a potion of haste {unknown}
 i - a potion of cancellation {unknown}
 k - a potion of degeneration {unknown}
 n - a potion of agility {unknown}
 o - a potion of lignification {unknown}
 u - a potion of curing {unknown}
Books
 b - a book of Conjurations

   Spells                             Type                      Level
   a - Magic Dart                     Conjuration                  1
   b - Searing Ray                    Conjuration                  2
   c - Dazzling Spray                 Conjuration/Hexes            3
   d - Fulminant Prism                Conjuration/Hexes            4
   e - Iskenderun's Mystic Blast      Conjuration                  4
   f - Iskenderun's Battlesphere      Conjuration/Charms           5
Comestibles
 c - 3 bread rations
 l - a meat ration
 v - a beef jerky


   Skills:
 - Level 2.4 Dodging
 - Level 2.4 Stealth
 + Level 4.4 Spellcasting
 * Level 5.8 Conjurations


You had 8 spell levels left.
You knew the following spells:

 Your Spells              Type           Power        Failure   Level  Hunger
a - Magic Dart            Conj           ####         1%          1    None
b - Searing Ray           Conj           ####..       1%          2    #......


Dungeon Overview and Level Annotations

Branches:
Dungeon (3/15)

Altars:
Elyvilon
Gozag
Nemelex Xobeh
Uskayaw

Annotations:
D:3 Grinder


Message History

The searing ray hits Grinder.
Grinder is heavily wounded.
The searing ray misses Grinder.
You finish channeling your searing ray.
Grinder hits you!
You writhe in agony.
Casting: Searing Ray
Confirm with . or Enter, or press ? or * to list all spells.
Aiming: Searing Ray
Press: ? - help, Shift-Dir - straight line, f/p - Grinder
Aim: Grinder (heavily wounded)
The searing ray hits Grinder.
Grinder is severely wounded. (Press . to maintain the ray.) Grinder gestures at you.
You suddenly lose the ability to move!
Grinder gestures at you. You resist with significant effort. Grinder hits you!
* * * LOW HITPOINT WARNING * * *
You writhe in agony.
You die...

#.. .....#
.#####.###.#..#
........)...#.###
............._..#
######.....##.#...
#..........#
######.....##.###
...........# #
#####.@#......#
#$5.....[.#
#.#######.# #. #
#. .. ##


You could see Grinder.

Vanquished Creatures
  4 adders (D:2)
  A dart slug (D:2)
  3 leopard geckos
  4 giant cockroaches
  10 goblins
  4 hobgoblins (D:1)
  4 jackals (D:1)
  7 kobolds
  A quokka (D:2)
  6 bats
  6 frilled lizards
  3 rats
53 creatures vanquished.

Notes
Turn   | Place    | Note
-------+----------+-------------------------------------------
     0 | D:1      | Naow the Deep Elf Conjurer began the quest for the Orb.
     0 | D:1      | Reached XP level 1. HP: 10/10 MP: 6/6
   227 | D:1      | Reached XP level 2. HP: 15/15 MP: 5/8
   231 | D:1      | Learned a level 2 spell: Searing Ray
   474 | D:1      | Reached skill level 5 in Conjurations
   809 | D:1      | Reached XP level 3. HP: 16/19 MP: 6/10
  1549 | D:2      | Reached XP level 4. HP: 24/24 MP: 10/12
  1620 | D:2      | Found a white marble altar of Elyvilon.
  1656 | D:2      | Found a sparkling altar of Nemelex Xobeh.
  2092 | D:2      | Found an opulent altar of Gozag.
  2466 | D:3      | Found a hide-covered altar of Uskayaw.
  2490 | D:3      | Noticed Grinder
  2501 | D:3      | Paralysed by Grinder for 4 turns
  2503 | D:3      | Slain by Grinder

Skill      XL: |  1  2  3 |
---------------+----------+-----
Conjurations   | 5 |  5.8
Spellcasting   | 4 |  4.4
Dodging        | |  2.4
Stealth        | |  2.4

Action                   |  1- 3 |  4- 6 || total
-------------------------+-------+-------++-------
 Cast: Magic Dart        |    66 |    34 ||   100
       Searing Ray       |     1 |     2 ||     3
  Eat: Chunk             |     2 |     3 ||     5
Armor: Robe              |     7 |       ||     7
Dodge: Dodged            |    18 |     3 ||    21
